 Dungeon Sprint DCSS version 0.20-a0-633-gff4aa5c (webtiles) character file.

7396 Kidiri the Eclecticist (level 10, -7/69 HPs)
             Began as a Deep Elf Fire Elementalist on Feb 11, 2017.
             Was a High Priest of Vehumet.
             Mangled by Rupert
             ... wielding a +2 battleaxe of chopping
              (11 damage)
             ... in the Dungeon (Sprint III: "The Ten Rune Challenge").
             The game lasted 00:25:43 (3186 turns).

Kidiri the Eclecticist (Deep Elf Fire Elementalist) Turns: 3186, Time: 00:25:43

Health: -7/69      AC:  2    Str:  5    XL:     10   Next: 92%
Magic:  19/31      EV: 19    Int: 24    God:    Vehumet [*****.]
Gold:   23         SH:  0    Dex: 15    Spells: 1/39 levels left

rFire    . . .     SeeInvis .   t - +0 dagger
rCold    . . .     Gourm    .   a - +0 robe
rNeg     . . .     Faith    .   (no shield)
rPois    .         Spirit   .   (no helmet)
rElec    .         Reflect  .   (no cloak)
rCorr    .         Harm     .   (no gloves)
MR       +....     NoTele   +   (no boots)
Stlth    ++........             (no amulet)
Regen    0.3/turn               (no ring)
                                (no ring)

@: very slightly contaminated, hasted, very quick
A: claws 1, blurry vision 1, robust 1
a: Renounce Religion


You were in the Dungeon.
You worshipped Vehumet.
Vehumet was extremely pleased with you.
You were not hungry.

You visited 1 branch You collected 23 gold pieces.

Inventory:

Hand Weapons
 t - a +0 dagger (weapon)
Armour
 a - a +0 robe (worn)
Wands
 x - a wand of confusion (20/48)
Scrolls
 i - a scroll of blinking
 j - 4 scrolls of remove curse
Potions
 g - a potion of magic
 h - a potion of berserk rage
 l - 2 potions of flight {unknown}
 p - a potion of resistance
 u - a potion of might
Books
 b - a book of Flames

   Spells                             Type                      Level
   a - Flame Tongue                   Conjuration/Fire             1
   b - Throw Flame                    Conjuration/Fire             2
   c - Conjure Flame                  Conjuration/Fire             3
   d - Inner Flame                    Hexes/Fire                   3
   e - Sticky Flame                   Conjuration/Fire             4
   f - Fireball                       Conjuration/Fire             5
 d - a book of Minor Magic

   Spells                             Type                      Level
   a - Magic Dart                     Conjuration                  1
   b - Blink                          Translocation                2
   c - Call Imp                       Summoning                    2
   d - Slow                           Hexes                        2
   e - Conjure Flame                  Conjuration/Fire             3
   f - Mephitic Cloud                 Conjuration/Poison/Air       3
 q - a book of Cantrips

   Spells                             Type                      Level
   a - Confusing Touch                Hexes                        1
   b - Animate Skeleton               Necromancy                   1
   c - Summon Small Mammal            Summoning                    1
   d - Apportation                    Translocation                1
Comestibles
 c - 8 chunks of flesh
 k - a meat ration


   Skills:
 + Level 7.1 Fighting
 + Level 6.5 Short Blades
 + Level 7.1 Armour
 + Level 10.4 Dodging
 - Level 2.4 Stealth
 * Level 15.1 Spellcasting
 + Level 9.4 Conjurations
 + Level 9.9 Fire Magic
 + Level 6.5 Ice Magic
 + Level 7.3 Air Magic
 + Level 8.0 Poison Magic
 + Level 6.1 Evocations


You had one spell level left.
You knew the following spells:

 Your Spells              Type           Power        Failure   Level  Hunger
a - Flame Tongue          Conj/Fire      #####        1%          1    None
b - Throw Flame           Conj/Fire      ######       1%          2    None
c - Conjure Flame         Conj/Fire      ######..     1%          3    None
d - Inner Flame           Hex/Fire       #####...     1%          3    None
e - Sticky Flame          Conj/Fire      ######..     1%          4    None
f - Fireball              Conj/Fire      ######....   1%          5    ##.....
g - Mephitic Cloud        Conj/Pois/Air  ######..     1%          3    None
h - Freeze                Ice            ####         1%          1    None
i - Sting                 Conj/Pois      ####         1%          1    None
j - Throw Frost           Conj/Ice       ######       1%          2    None
k - Throw Icicle          Conj/Ice       ######..     1%          4    None
l - Ignite Poison         Fire/Tmut/Pois #####...     1%          3    None
m - Freezing Cloud        Conj/Ice/Air   ######....   5%          6    ####...


Dungeon Overview and Level Annotations

Branches:
Dungeon (1/1)

Altars:
Cheibriados
Dithmenos
Elyvilon
Fedhas
Gozag
Hepliaklqana
Kikubaaqudgha
Makhleb
Nemelex Xobeh
Okawaru
Qazlal
Ru
Sif Muna
Trog
Uskayaw
Vehumet
Xom
Yredelemnul
Zin
The Shining One
Beogh
Jiyva
Lugonu

Annotations:
D Rupert


Innate Abilities, Weirdness & Mutations

You have sharp fingernails.
Scrolls take you a little longer to read.
You are robust. (+10% HP)


Message History

Unknown command.
Unknown command.
Unknown command.
You feel yourself speed up. Rupert barely misses you.
You are very lightly contaminated with residual magic.
You enter the shallow water.
Moving in this stuff is going to be slow.
Rupert rages.
There is an open door here.
Casting: Sticky Flame
Confirm with . or Enter, or press ? or * to list all spells.
Aiming: Conjure Flame
Press: ? - help, Dir - move target cursor, p - Rupert The fire ignites!
Unknown command.
Rupert is engulfed in blazing flames.
Rupert rages.
You open the door.
Rupert hits you with a battleaxe of chopping!
You die...

.##.[####...#...######'#
.##..###....#.⌠.#__#...#+########
##...##.....#...#__#...#....#.#.#
#....#......#+###__#...##.#).#.##
#..##.#.....#)[.#__#...'##)#.#.##
#..#####....#___#__+...#...#..#).
▓▓▓▓▓▓▓▓▓▓▓▓▓▓▓▓▓▓▓▓▓▓▓▓▓▓▓▓▓▓▓▓▓
≈≈§≈§≈≈÷≈♣♣.....♣♣♣.≈≈≈........≈≈
≈≈.≈§§§≈≈♣♣.≈≈≈≈@♣♣'.≈≈≈≈≈≈≈≈≈≈≈≈
≈≈§≈≈§≈≈.≈§....@#.≈....♣♣♣♣♣♣♣♣♣♣
≈≈≈§≈§≈≈.♣♣♣♣♣♣♣#...♣....♣
≈≈≈≈§§.≈≈♣ ###'.♣♣♣♣♣♣♣♣♣♣♣♣
###'###### ♣♣♣..##..##≈≈≈≈≈≈.
........... ♣...##.##.#≈≈≈≈≈§.
########### ♣♣.##.##.##+≈≈;≈§#
♣..#.##)..# ♣♣.##.##..#


You could see Rupert (berserk).

Vanquished Creatures
  Erolcha (D)
  Urug (D)
  A deep elf mage (D)
  A lindwurm (D)
  2 spiny frogs (D)
  A komodo dragon (D)
  A rime drake (D)
  3 wandering mushrooms (D)
  2 tyrant leeches (D)
  5 blink frogs (D)
  A shadow (D)
  5 redbacks (D)
  A spatial vortex (D)
  A swamp drake (D)
  A necrophage (D)
  5 two-headed ogres (D)
  A water elemental (D)
  A scorpion (D)
  A jelly (D)
  A wizard (D)
  Jessica (D)
  A necromancer (D)
  3 humans (D)
  A kobold demonologist (D)
  An ooze (D)
  2 rats (D)
45 creatures vanquished.

Vanquished Creatures (others)
  2 draconian scorchers (D)
  Nessos (D)
  6 hellions (D)
  2 yaktaurs (D)
11 creatures vanquished.

Grand Total: 56 creatures vanquished

Notes
Turn   | Place    | Note
-------+----------+-------------------------------------------
     0 | D        | Kidiri the Deep Elf Fire Elementalist began the quest for the Orb.
     0 | D        | Reached XP level 1. HP: 10/10 MP: 6/6
    83 | D        | Reached skill level 4 in Spellcasting
    86 | D        | Noticed Jessica
    96 | D        | Killed a hellion
    97 | D        | Killed Jessica
    97 | D        | Reached skill level 1 in Fighting
    97 | D        | Reached skill level 1 in Armour
    97 | D        | Reached skill level 5 in Spellcasting
    97 | D        | Reached XP level 2. HP: 10/16 MP: 3/10
    97 | D        | Reached XP level 3. HP: 12/20 MP: 3/11
   101 | D        | Learned a level 2 spell: Throw Flame
   105 | D        | Learned a level 3 spell: Conjure Flame
   109 | D        | Learned a level 3 spell: Inner Flame
   129 | D        | Killed a hellion
   130 | D        | Killed a hellion
   135 | D        | Killed a yaktaur
   152 | D        | Killed Nessos
   153 | D        | Killed a hellion
   153 | D        | Killed a white draconian scorcher
   156 | D        | Killed a yaktaur
   164 | D        | Killed a hellion
   188 | D        | Killed a white draconian scorcher
   205 | D        | Killed a hellion
   299 | D        | Noticed a scorpion
   307 | D        | Killed a scorpion
   307 | D        | Reached skill level 7 in Spellcasting
   307 | D        | Reached skill level 5 in Fire Magic
   307 | D        | Reached XP level 4. HP: 22/27 MP: 4/15
   313 | D        | Learned a level 4 spell: Sticky Flame
   351 | D        | Gained mutation: You regenerate slowly when monsters are visible. [potion of mutation]
   351 | D        | Gained mutation: You have a pair of small antennae on your head. [potion of mutation]
   352 | D        | Lost mutation: You have a pair of small antennae on your head. [potion of mutation]
   352 | D        | Lost mutation: You regenerate slowly when monsters are visible. [potion of mutation]
   352 | D        | Gained mutation: You are clumsy. (Dex -2) [potion of mutation]
   352 | D        | Gained mutation: You are surrounded by a mild repulsion field. (EV +2) [potion of mutation]
   353 | D        | Lost mutation: You are clumsy. (Dex -2) [potion of mutation]
   353 | D        | Lost mutation: You are surrounded by a mild repulsion field. (EV +2) [potion of mutation]
   353 | D        | Gained mutation: You have sharp fingernails. [potion of mutation]
   353 | D        | Gained mutation: Scrolls take you a little longer to read. [potion of mutation]
   353 | D        | Gained mutation: You are robust. (+10% HP) [potion of mutation]
   362 | D        | Noticed a water elemental
   365 | D        | Killed a water elemental
   365 | D        | Reached skill level 5 in Dodging
   365 | D        | Reached skill level 8 in Spellcasting
   365 | D        | Reached XP level 5. HP: 33/35 MP: 11/17
   372 | D        | Learned a level 5 spell: Fireball
   405 | D        | Found a radiant altar of Vehumet.
   406 | D        | Found a deep blue altar of Sif Muna.
   406 | D        | Found an ancient bone altar of Kikubaaqudgha.
   419 | D        | Learned a level 3 spell: Mephitic Cloud
   426 | D        | Became a worshipper of Vehumet
   803 | D        | Found a glowing silver altar of Zin.
   804 | D        | Found a glowing golden altar of the Shining One.
   804 | D        | Found a white marble altar of Elyvilon.
   804 | D        | Noticed a deep elf mage
   817 | D        | Killed a deep elf mage
   817 | D        | Reached skill level 10 in Spellcasting
   817 | D        | Reached XP level 6. HP: 36/42 MP: 10/21
   817 | D        | Reached XP level 7. HP: 42/48 MP: 10/23
   887 | D        | Found a hide-covered altar of Uskayaw.
   887 | D        | Found a roughly hewn altar of Beogh.
   887 | D        | Found an iron altar of Okawaru.
   887 | D        | Found a bloodstained altar of Trog.
   887 | D        | Noticed a human
   891 | D        | Noticed a human
   893 | D        | Killed a human
   893 | D        | Reached skill level 1 in Short Blades
   893 | D        | Reached skill level 11 in Spellcasting
   900 | D        | Killed a human
   900 | D        | Reached * piety under Vehumet
   900 | D        | Offered knowledge of Freeze by Vehumet.
   903 | D        | Learned a level 1 spell: Freeze
  1022 | D        | Found a basalt altar of Yredelemnul.
  1022 | D        | Found a shadowy altar of Dithmenos.
  1022 | D        | Found a sacrificial altar of Ru.
  1027 | D        | Reached skill level 5 in Fighting
  1027 | D        | Reached skill level 5 in Armour
  1027 | D        | Reached XP level 8. HP: 45/53 MP: 13/25
  1097 | D        | Offered knowledge of Sting by Vehumet.
  1097 | D        | Reached ** piety under Vehumet
  1100 | D        | Learned a level 1 spell: Sting
  1105 | D        | Reached skill level 1 in Ice Magic
  1105 | D        | Reached skill level 1 in Evocations
  1160 | D        | Found a blossoming altar of Fedhas.
  1160 | D        | Found a stormy altar of Qazlal.
  1161 | D        | Found a snail-covered altar of Cheibriados.
  1161 | D        | Found a burning altar of Makhleb.
  1161 | D        | Found a hazy altar of Hepliaklqana.
  1161 | D        | Found a shimmering altar of Xom.
  1161 | D        | Found an opulent altar of Gozag.
  1161 | D        | Found a sparkling altar of Nemelex Xobeh.
  1161 | D        | Found a corrupted altar of Lugonu.
  1161 | D        | Found a viscous altar of Jiyva.
  1262 | D        | Offered knowledge of Throw Frost by Vehumet.
  1262 | D        | Reached skill level 12 in Spellcasting
  1262 | D        | Reached skill level 5 in Poison Magic
  1303 | D        | Learned a level 2 spell: Throw Frost
  1367 | D        | Noticed a two-headed ogre
  1374 | D        | Killed a two-headed ogre
  1374 | D        | Reached *** piety under Vehumet
  1374 | D        | Reached skill level 5 in Air Magic
  1579 | D        | Noticed a two-headed ogre
  1579 | D        | Noticed Erolcha
  1588 | D        | Killed Erolcha
  1588 | D        | Offered knowledge of Throw Icicle by Vehumet.
  1588 | D        | Reached XP level 9. HP: 60/60 MP: 17/27
  1591 | D        | Killed a two-headed ogre
  1591 | D        | Reached skill level 13 in Spellcasting
  1597 | D        | Reached **** piety under Vehumet
  1615 | D        | Learned a level 4 spell: Throw Icicle
  1779 | D        | Noticed a wandering mushroom
  1791 | D        | Noticed a wandering mushroom
  1792 | D        | Noticed a wandering mushroom
  1796 | D        | Killed a wandering mushroom
  1796 | D        | Offered knowledge of Ignite Poison by Vehumet.
  1802 | D        | Learned a level 3 spell: Ignite Poison
  1812 | D        | Killed a wandering mushroom
  1819 | D        | Killed a wandering mushroom
  1819 | D        | Reached ***** piety under Vehumet
  1900 | D        | Noticed a spiny frog
  1900 | D        | Noticed a komodo dragon
  1900 | D        | Noticed a spiny frog
  1905 | D        | Killed a spiny frog
  1905 | D        | Offered knowledge of Freezing Cloud by Vehumet.
  1909 | D        | Killed a spiny frog
  1909 | D        | Reached skill level 5 in Short Blades
  1909 | D        | Reached skill level 5 in Ice Magic
  1909 | D        | Reached XP level 10. HP: 51/67 MP: 16/29
  1910 | D        | Reached skill level 14 in Spellcasting
  1910 | D        | Reached skill level 5 in Evocations
  2001 | D        | HP: 3/67 [tyrant leech (32)]
  2340 | D        | Noticed a lindwurm
  2344 | D        | Killed a lindwurm
  2344 | D        | Reached skill level 10 in Dodging
  2813 | D        | Noticed Urug
  2838 | D        | Killed Urug
  2850 | D        | Learned a level 6 spell: Freezing Cloud
  3047 | D        | Offered knowledge of Iskenderun's Battlesphere by Vehumet.
  3049 | D        | Reached skill level 15 in Spellcasting
  3165 | D        | Noticed Rupert
  3174 | D        | HP: 3/69 [Rupert/battleaxe of chopping (7)]
  3186 | D        | Mangled by Rupert

Vault maps used:
D:        dungeon_sprint_mu

Skill      XL: |  1  2  3  4  5  6  7  8  9 10 |
---------------+-------------------------------+-----
Spellcasting   | 5 7 8 10 11 12 13 15 | 15.1
Fighting       | 1 2 3 4 5 6 7 |  7.1
Armour         | 1 2 3 4 5 6 7 |  7.1
Dodging        | 3 4 5 7 8 9 10 | 10.4
Conjurations   | 2 3 4 6 7 8 9 |  9.4
Fire Magic     | 4 5 7 8 9 |  9.9
Air Magic      | 3 4 5 6 7 |  7.3
Poison Magic   | 3 4 5 6 8 |  8.0
Short Blades   | 2 3 5 6 |  6.5
Ice Magic      | 3 5 6 |  6.5
Evocations     | 3 4 6 |  6.1
Stealth        | |  2.4

Action                   |  1- 3 |  4- 6 |  7- 9 | 10-12 || total
-------------------------+-------+-------+-------+-------++-------
Melee: Unarmed           |       |     1 |       |       ||     1
       Dagger            |       |       |     5 |    15 ||    20
 Cast: Flame Tongue      |    21 |     4 |    60 |    18 ||   103
       Throw Flame       |     3 |       |       |     1 ||     4
       Sticky Flame      |       |     3 |    12 |    10 ||    25
       Mephitic Cloud    |       |       |     5 |     4 ||     9
       Conjure Flame     |       |       |     5 |     2 ||     7
       Fireball          |       |       |     3 |     3 ||     6
       Sting             |       |       |     1 |       ||     1
       Throw Icicle      |       |       |       |     4 ||     4
       Ignite Poison     |       |       |       |     2 ||     2
  Use: Potion            |     3 |     3 |       |     2 ||     8
       Scroll            |       |       |     3 |       ||     3
 Stab: Sleeping          |       |     1 |       |     2 ||     3
       Confused          |       |       |     1 |     1 ||     2
  Eat: Chunk             |       |       |     2 |       ||     2
       Royal jelly       |       |       |     1 |       ||     1
       Fruit             |       |       |     1 |       ||     1
       Bread ration      |       |       |       |     1 ||     1
Armor: Robe              |       |       |       |     1 ||     1
Dodge: Dodged            |    13 |     2 |    12 |    13 ||    40
